 Dungeon Crawl Stone Soup version 0.30-b1-2-g02819fbbbe (webtiles) character file.

Game seed: 2651359833689859616

112 manyhoops the Digger (level 4, -1/49 HPs)
             Began as a Demigod Earth Elementalist on Nov 20, 2023.
             Slain by an orc
             ... wielding a +3 whip of electrocution
              (14 damage)
             ... on level 3 of the Dungeon.
             The game lasted 00:02:54 (2252 turns).

manyhoops the Digger (Demigod Earth Elementalist)   Turns: 2252, Time: 00:02:55

Health: -1/49      AC: 22    Str: 15    XL:     4   Next: 38%
Magic:  0/11       EV:  2    Int: 21    God:
Gold:   62         SH:  0    Dex: 14    Spells: 3/9 levels left

rFire   . . .        (no weapon)
rCold   . . .        (no shield)
rNeg    . . .        a - melded +0 robe
rPois   +            (helmet currently unavailable)
rElec   .            (cloak currently unavailable)
rCorr   .            (gloves currently unavailable)
SInv    .            (boots currently unavailable)
Will    .....        o - amulet of regeneration
Stlth   ++           q - +6 ring of strength
HPRegen 1.08/turn    (no ring)
MPRegen 0.12/turn

%: no passive effects
@: tree-form, studying Throwing
A: stationary, stasis, torment immunity, boosted hp, high MP 1, forlorn, divine
attributes
a: no special abilities


You were on level 3 of the Dungeon.
You were a tree.
You visited 1 branch of the dungeon, and saw 3 of its levels.

You collected 62 gold pieces.

Inventory:

Missiles
 c - a throwing net
Armour
 a - a +0 robe (melded)
Jewellery
 h - a ring of fire
 o - an amulet of regeneration (around neck)
 p - a ring of resist corrosion
 q - a +6 ring of strength (left branch)
Scrolls
 e - a scroll of fog
 f - a scroll of silence {unknown}
 g - 3 scrolls of teleportation
 k - a scroll of poison {unknown}
 l - a scroll of identify {unknown}
Potions
 b - 2 potions of magic
 d - a potion of berserk rage {unknown}
 i - a potion of curing {unknown}
 m - a potion of ambrosia {unknown}
 n - a potion of resistance {unknown}


   Skills:
 - Level 1.7 Dodging
 - Level 1.7 Stealth
 + Level 3.1 Spellcasting
 - Level 0.8 Transmutations
 + Level 4.0 Earth Magic


You had 3 spell levels left.
You knew the following spells:

 Your Spells              Type           Power      Damage    Failure   Level
a - Sandblast             Erth           40%        2d10      2%          1
b - Passwall              Tmut/Erth      10%        N/A       8%          2
c - Stone Arrow           Conj/Erth      22%        3d8       17%         3

Your spell library contained the following spells:

 Spells                   Type           Power      Damage    Failure   Level
 Magic Dart               Conj           12%        1d3       13%         1
 Summon Small Mammal      Summ           12%        N/A       13%         1
 Searing Ray              Conj           6%         2d4       21%         2
 Call Canine Familiar     Summ           3%         N/A       36%         3
 Summon Guardian Golem    Hex/Summ       3%         N/A       36%         3
 Petrify                  Tmut/Erth      13%        N/A       43%         4
 Fulminant Prism          Conj/Hex       1%         3d5       78%         4


Dungeon Overview and Level Annotations

Branches:
Dungeon (3/15)


Innate Abilities, Weirdness & Mutations

You are a tree.
Your roots penetrate the ground, keeping you stationary.
You cannot be teleported.
You are immune to unholy pain and torment.
Your maximum health is greatly increased.
Your equipment is partially melded.
You have an increased reservoir of magic. (+10% MP)
You shall have no god before yourself.
Your divine heritage dramatically boosts your attributes as you level up.


Message History

You kill the orc wizard!
Your Earth Magic skill increases to level 4!
Casting: Sandblast (safe; 2% risk of failure)
Confirm with . or Enter, or press ? or * to list all spells.
Aiming: Sandblast (safe; 2% risk of failure)
Press: ? - help, Shift-Dir - straight line, f - orc
Aim: an orc, wielding a +3 whip of electrocution and wearing a +2 chain mail of cold resistance (87% to hit)
The blast of sand hits the orc but does no damage.
The orc closely misses you.
The orc hits you with a +3 whip of electrocution.
Casting: Sandblast (safe; 2% risk of failure)
Confirm with . or Enter, or press ? or * to list all spells.
Aiming: Sandblast (safe; 2% risk of failure)
Press: ? - help, Shift-Dir - straight line, f/p - orc
Aim: an orc, wielding a +3 whip of electrocution and wearing a +2 chain mail of cold resistance (87% to hit)
The blast of sand hits the orc but does no damage.
The orc hits you with a +3 whip of electrocution!
Unknown command.
Casting: Sandblast (safe; 2% risk of failure)
Confirm with . or Enter, or press ? or * to list all spells.
Aiming: Sandblast (safe; 2% risk of failure)
Press: ? - help, Shift-Dir - straight line, f/p - orc
Aim: an orc, wielding a +3 whip of electrocution and wearing a +2 chain mail of cold resistance (87% to hit)
The blast of sand hits the orc but does no damage.
The orc hits you with a +3 whip of electrocution. x2
You are electrocuted!
* * * LOW HITPOINT WARNING * * *
Casting: Sandblast (safe; 2% risk of failure)
Confirm with . or Enter, or press ? or * to list all spells.
Aiming: Sandblast (safe; 2% risk of failure)
Press: ? - help, Shift-Dir - straight line, f/p - orc
Aim: an orc, wielding a +3 whip of electrocution and wearing a +2 chain mail of cold resistance (87% to hit)
The blast of sand hits the orc.
The orc is heavily wounded.
The orc misses you.
Really quaff the potion of lignification?
You turn into a tree.
Your +0 robe melds into your body.
Your roots penetrate the ground.
The orc hits you but does no damage.
You are electrocuted!
You die...

... #.# ##########.
#.#.###..........
#####.#...........#
#.....#.###<#.....#
#.....#####.#.....#
#........##.......#
#........####.#...##..
##...##..oo♣..........
#8...8#..####.##.##...
####o..##...###.........
8###⌠##...##...#...........
o..o......##...#.....#######
o.........8#...#.....#8###8##
..........##...#............##
..##8###8###......##........8#
. ## ### #......##........##


You could see 2 orcs.

Vanquished Creatures
  An orc wizard (D:3)
  2 adders (D:2)
  A worm (D:2)
  A dart slug (D:2)
  2 orcs (D:3)
  10 ball pythons
  7 endoplasms
  5 goblins
  6 hobgoblins
  2 quokkas
  3 bats
  4 frilled lizards
  10 kobolds
  6 rats
60 creatures vanquished.

Notes
Turn   | Place    | Note
-------+----------+-------------------------------------------
     0 | D:1      | manyhoops the Demigod Earth Elementalist began the quest
                  | for the Orb.
     0 | D:1      | Reached XP level 1. HP: 14/14 MP: 5/5
   176 | D:1      | Reached skill level 3 in Earth Magic
   210 | D:1      | Reached XP level 2. HP: 17/20 MP: 0/7
  1247 | D:2      | Reached XP level 3. HP: 26/26 MP: 6/9
  2184 | D:3      | Reached XP level 4. HP: 33/33 MP: 9/11
  2187 | D:3      | Learned a level 2 spell: Passwall
  2191 | D:3      | Learned a level 3 spell: Stone Arrow
  2248 | D:3      | Reached skill level 4 in Earth Magic
  2252 | D:3      | Slain by an orc

Illustrated notes

Levels and vault maps discovered:
D:1:      zelgadis_glass_arrival_small, layout_basic,
          chequers_serial_rivers_micro_d, minmay_close_crescents
D:2:      layout_loops_cross, basic_ecumenical_altar
D:3:      layout_basic, serial_corexii_hall, corexii_hall_statues_u,
          corexii_hall_statues_s, chequers_serial_rivers_small_3

Skill      XL: |  1  2  3  4 |
---------------+-------------+-----
Earth Magic    | 3 4 |  4.0
Spellcasting   | 2 3 |  3.1
Dodging        | |  1.7
Stealth        | |  1.7
Transmutations | |  0.8

Action                     |  1- 3 |  4- 6 || total
---------------------------+-------+-------++-------
  Melee: Unarmed           |    12 |       ||    12
   Cast: Sandblast         |    77 |    15 ||    92
    Use: Scroll            |     3 |       ||     3
         Potion            |     1 |     1 ||     2
 Armour: Robe              |     5 |       ||     5
         Skin              |       |     1 ||     1
  Dodge: Dodged            |    30 |     5 ||    35
